 Dungeon Crawl Stone Soup version 0.32-a0-928-g1cae6b7ea0 (webtiles) character file.

Game seed: 693532568640860818

2277 runemasterragnar the Conjurer (level 9, -2/51 HPs)
             Began as a Deep Elf Conjurer on Apr 12, 2024.
             Was a Believer of Sif Muna.
             Slain by Maurice
             ... wielding a +2 short sword of speed
              (8 damage)
             ... on level 8 of the Dungeon on Apr 13, 2024.
             The game lasted 00:19:18 (7757 turns).

runemasterragnar the Conjurer (Deep Elf Conjurer)   Turns: 7757, Time: 00:19:18

Health: -2/51      AC:  6    Str:  6    XL:     9   Next: 16%
Magic:  0/20       EV:  8    Int: 31    God:    Sif Muna [**....]
Gold:   0          SH:  8    Dex: 13    Spells: 10/20 levels left

rFire   + + +        z - +7 morningstar "Totaed" {holy, rF+++}
rCold   . . .        h - +0 kite shield
rNeg    . . .        a - +0 robe
rPois   .            g - +2 hat of Leaves {Int+5}
rElec   .            w - +1 cloak
rCorr   .            (no gloves)
SInv    .            (no boots)
Will    +....        (no amulet)
Stlth   +++          d - ring of willpower
HPRegen 0.28/turn    (no ring)
MPRegen 0.17/turn

%: no passive effects
@: no status effects
A: deterioration 1, wild magic 1
a: Renounce Religion, Channel Magic


You were on level 8 of the Dungeon.
You worshipped Sif Muna.
Sif Muna was pleased with you.
You visited 1 branch of the dungeon, and saw 8 of its levels.

You collected 28 gold pieces.
You spent 28 gold pieces at shops.

Inventory:

Hand Weapons
 z - the +7 morningstar "Totaed" (weapon) {holy, rF+++}
   (You found it on level 7 of the Dungeon)

   rF+++:     It renders you almost immune to fire.
Armour
 a - a +0 robe (worn)
 g - the +2 hat of Leaves (worn) {Int+5}
   (You acquired it on level 3 of the Dungeon)

   Int+5:     It affects your intelligence (+5).
 h - a +0 kite shield (worn)
 t - a +2 ring mail of cold resistance
 w - a +1 cloak (worn)
Jewellery
 d - a ring of willpower (left hand)
 i - a ring of fire
 q - a ring of flight
Wands
 p - a wand of flame (10)
Scrolls
 c - 2 scrolls of amnesia
 j - 3 scrolls of blinking {unknown}
 k - 5 scrolls of identify
 l - a scroll of fog
 n - a scroll of revelation {unknown}
 o - 2 scrolls of teleportation
 s - a scroll of immolation {unknown}
 x - 4 scrolls of vulnerability {unknown}
 y - a scroll of torment {unknown}
Potions
 b - 2 potions of magic
 m - 2 potions of ambrosia
 u - a potion of curing


   Skills:
 + Level 3.4 Fighting
 - Level 3.0 Dodging
 + Level 6.0 Stealth
 + Level 2.9 Shields
 + Level 6.1 Spellcasting
 - Level 7.7 Conjurations
 - Level 5.7 Translocations
 * Level 1.4 Ice Magic
 + Level 3.6 Invocations


You had 10 spell levels left.
You knew the following spells:

 Your Spells              Type           Power      Damage    Failure   Level
a - Magic Dart            Conj           100%       1d8       3%          1
b - Searing Ray           Conj           100%       2d8       4%          2
c - Blink                 Tloc           100%       N/A       10%         2
d - Momentum Strike       Conj/Tloc      100%       3d10      6%          2
e - Hailstorm             Conj/Ice       49%        3d10      26%         3

Your spell library contained the following spells:

 Spells                   Type           Power      Damage    Failure   Level
 Lesser Beckoning         Tloc           100%       N/A       10%         2
 Freeze                   Ice            92%        1d9       30%         1
 Iskenderun's Mystic Bla  Conj/Tloc      60%        2d13      (+2d734%    4
 Frozen Ramparts          Ice            46%        1d7       63%         3
 Ozocubu's Armour         Ice            23%        N/A       63%         3
 Flame Wave               Conj/Fire      43%        2d11      71%         4
 Fulminant Prism          Conj/Alch      21%        3d12      71%         4
 Fugue of the Fallen      Necr           12%        N/A       82%         3
 Inner Flame              Hex/Fire       12%        N/A       82%         3
 Sticky Flame             Fire/Alch      12%        2d5       99%         4
 Manifold Assault         Tloc           27%        N/A       100%        7


Dungeon Overview and Level Annotations

Branches:
Dungeon (8/15)             Temple (0/1) D:4
   Lair: D:8-11

Altars:
Ashenzari
Elyvilon
Fedhas
Gozag
Hepliaklqana
Makhleb
Ru
Sif Muna

Shops:
D:1 *   D:6 *

Annotations:
D:4 3 runed translucent doors, TheTpDoctor's ghost, novice DsBe
D:5 3 runed translucent doors, osoart's ghost, amateur MDFi
D:6 1 runed translucent door, Crazy Yiuf
D:7 3 runed translucent doors, adeline's ghost, novice MiFi
D:8 Maurice


Innate Abilities, Weirdness & Mutations

Your body sometimes deteriorates upon taking damage.
Your spells are a little harder to cast, but a little more powerful.


Message History

Maurice flickers and vanishes!
Deactivating autopickup; reactivate with Ctrl-A.
Something hits you.
Something mutters, "Now where did you hide it?"
Something bites you.
You feel your power leaking away. Something drains your magic.
You finish channelling your searing ray.
You block something's attack. Something bites you but does no damage.
You hear some strange, mumbled words.
Unknown command.
You cannot move.
You cannot move.
Casting: Searing Ray (safe; 4% risk of failure)
Confirm with . or Enter, or press ? or * to list all spells.
Aiming: Searing Ray (safe; 4% risk of failure)
Press: ? - help, Shift-Dir - straight line (Press . to maintain the ray.) Unknown command.
Unknown command.
You cannot move.
You cannot move.
Okay, then.
Without enough magic to sustain it, your searing ray dissipates.
You are no longer robbed of momentum.
Something hits you.
Something mutters, "Now where did you hide it?"
Something bites you.
You feel your power leaking away. Something drains your magic.
You block something's attack. Something bites you. Something drains your magic.
You closely miss something. Something hits you but does no damage.
Something bites you.
* * * LOW HITPOINT WARNING * * *
You feel your power leaking away. Something drains your magic.
Something hits you!
* * * LOW HITPOINT WARNING * * *
Something mutters, "Now where did you hide it?"
Something bites you but does no damage. Something hits you!
You die...

.#####.# ##......##......# ##..
.......####...............## #.#
######.##....#.............####..
#>......#....###..#.........
###..........## #..##....#...
#..?........## ##..###.###..#
..............####....##..# #..#
.......######.#...........# ....
.......# ##.@{.........#..##.
#####..# #............... # ##.#
#.....##........ .. #....#### #..
#.###.# #. ##. .. # .


There were no monsters in sight!

Vanquished Creatures
  A water moccasin (D:6)
  2 sky beasts (D:7)
  A black bear (D:6)
  A centaur (D:7)
  3 ogres
  2 phantoms
  2 scorpions (D:5)
  4 jellies
  7 orc priests
  2 gnoll boudas (D:6)
  5 hounds
  A sleepcap (D:7)
  Terence (D:3)
  3 iguanas
  Natasha (thrice) (D:2)
  7 orc wizards
  Robin (D:3)
  13 gnolls
  11 adders
  A ribbon worm (D:3)
  3 dart slugs
  33 orcs
  3 endoplasms
  5 giant cockroaches
  11 goblins
  8 hobgoblins
  4 jackals
  3 quokkas
  7 ball pythons
  2 bats
  3 frilled lizards
  4 kobolds
  6 rats
163 creatures vanquished.

Vanquished Creatures (others)
  An orc wizard (D:6)
1 creature vanquished.

Grand Total: 164 creatures vanquished

Notes
Turn   | Place    | Note
-------+----------+-------------------------------------------
     0 | D:1      | runemasterragnar the Deep Elf Conjurer began the quest for
                  | the Orb.
     0 | D:1      | Reached XP level 1. HP: 10/10 MP: 6/6
   283 | D:1      | Reached XP level 2. HP: 15/15 MP: 5/8
   578 | D:1      | Found Beuggu Husui's General Store.
   591 | D:1      | Bought a scroll of identify for 28 gold pieces
   641 | D:2      | Noticed Natasha
   651 | D:2      | Gained mutation: Your body sometimes deteriorates upon
                  | taking damage. [potion of mutation]
   651 | D:2      | Gained mutation: Your spells are a little harder to cast,
                  | but a little more powerful. [potion of mutation]
   656 | D:2      | Killed Natasha
   657 | D:2      | Reached XP level 3. HP: 3/20 MP: 1/9
   759 | D:2      | Learned a level 2 spell: Searing Ray
   759 | D:2      | Noticed Natasha
   762 | D:2      | Learned a level 2 spell: Blink
   767 | D:2      | Killed Natasha
   768 | D:2      | Reached skill level 1 in Fighting
   768 | D:2      | Reached skill level 5 in Conjurations
   768 | D:2      | Reached XP level 4. HP: 15/25 MP: 4/11
   859 | D:2      | Reached skill level 1 in Translocations
  1213 | D:2      | Noticed Natasha
  1216 | D:2      | Killed Natasha
  1672 | D:3      | Reached XP level 5. HP: 29/29 MP: 8/12
  1716 | D:3      | Found a faded altar of an unknown god.
  1717 | D:3      | Noticed a great orb of eyes
  1723 | D:3      | Noticed a shining eye
  1737 | D:3      | Noticed a golden eye
  1737 | D:3      | Noticed a great orb of eyes
  2086 | D:3      | Found a sacrificial altar of Ru.
  2305 | D:3      | Noticed Robin
  2318 | D:3      | Killed Robin
  2580 | D:3      | Noticed Terence
  2583 | D:3      | Identified a scroll of acquirement
  2584 | D:3      | Acquired the +2 hat of Leaves {Int+5}
  2606 | D:3      | Killed Terence
  2607 | D:3      | Reached skill level 1 in Shields
  2607 | D:3      | Reached XP level 6. HP: 34/34 MP: 2/14
  2788 | D:3      | Found a shimmering blue altar of Sif Muna.
  2799 | D:3      | Became a worshipper of Sif Muna the Loreminder
  2961 | D:3      | Found a blossoming altar of Fedhas.
  3099 | D:4      | Found a runed translucent gate.
  3099 | D:4      | Found a runed translucent gate.
  3099 | D:4      | Found a runed translucent gate.
  3168 | D:4      | Noticed TheTpDoctor's ghost (novice DsBe)
  3507 | D:4      | Found a staircase to the Ecumenical Temple.
  3854 | D:5      | Entered Level 5 of the Dungeon
  3874 | D:5      | Reached skill level 1 in Invocations
  3925 | D:5      | Reached skill level 6 in Conjurations
  3925 | D:5      | Reached XP level 7. HP: 35/40 MP: 12/15
  4152 | D:5      | Reached * piety under Sif Muna
  4188 | D:5      | Learned a level 2 spell: Momentum Strike
  4473 | D:5      | Noticed osoart's ghost (amateur MDFi)
  4476 | D:5      | Found a runed translucent gate.
  4476 | D:5      | Found a runed translucent gate.
  4476 | D:5      | Found a runed translucent gate.
  4479 | D:5      | Noticed a two-headed ogre
  4615 | D:5      | Reached skill level 5 in Spellcasting
  4621 | D:5      | Reached XP level 8. HP: 29/45 MP: 2/17
  4764 | D:5      | Found a hazy altar of Hepliaklqana.
  5131 | D:6      | Found Fureakor's General Store.
  5176 | D:6      | Found a broken altar of Ashenzari.
  5236 | D:6      | Reached skill level 5 in Stealth
  5431 | D:6      | Reached skill level 7 in Conjurations
  5569 | D:6      | Found a runed translucent door.
  5570 | D:6      | Noticed Crazy Yiuf
  5643 | D:6      | Found a white marble altar of Elyvilon.
  5649 | D:6      | Reached skill level 5 in Translocations
  5695 | D:6      | Reached ** piety under Sif Muna
  5761 | D:6      | Found an opulent altar of Gozag.
  6524 | D:7      | Reached XP level 9. HP: 41/51 MP: 7/19
  6543 | D:7      | Learned a level 3 spell: Hailstorm
  6688 | D:7      | Identified the +7 morningstar "Totaed" {holy, rF+++}
  6783 | D:7      | Found a burning altar of Makhleb.
  6792 | D:7      | Reached skill level 1 in Ice Magic
  6840 | D:7      | Found a runed translucent gate.
  6840 | D:7      | Found a runed translucent gate.
  6842 | D:7      | Found a runed translucent gate.
  6876 | D:7      | Noticed adeline's ghost (novice MiFi)
  7634 | D:8      | Noticed Maurice
  7661 | D:8      | Something stole a ring of magical power
  7667 | D:8      | Something stole a +1 mace of protection
  7678 | D:8      | Something stole 388 gold
  7678 | D:8      | Something stole 50 gold
  7757 | D:8      | Slain by Maurice

Illustrated notes

Levels and vault maps discovered:
D:1:      moated_graveyard_arrival, layout_basic, serial_shops,
          nicolae_shop_pleasant_corner_grove
D:2:      layout_loops_cross, uniq_natasha
D:3:      layout_loops_ring, nicolae_ru_the_path_less_chosen, fedhas_altar_4,
          nicolae_overflow_crystal_walls,
          hellmonk_ecumenical_altar_watching_god, uniq_terence, uniq_robin
D:4:      layout_basic, minmay_temple_entry_waves, gammafunk_ghost_icy,
          serial_bayou_ford_a
D:5:      layout_cave_pools, lemuel_crystal_altar, gammafunk_ghost_split,
          kennysheep_path_1, minmay_door_square, minivault_4, nicolae_tricolors
D:6:      layout_basic, grunt_gozag_statues, mainiacjoe_overflow_catwalk,
          evilmike_ruin_ashenzari, serial_shops, shop,
          nicolae_ossuary_entry_false_entrances, uniq_crazy_yiuf_cottage
D:7:      layout_cave_pools, makhleb_heckhound_becter,
          gammafunk_ghost_necromancy
D:8:      layout_layer_cave, uniq_maurice

Skill      XL: |  1  2  3  4  5  6  7  8  9 |
---------------+----------------------------+-----
Stealth        | 3 4 5 6 |  6.0
Fighting       | 1 2 3 |  3.4
Dodging        | 3 |  3.0
Conjurations   | 5 6 7 |  7.7
Translocations | 1 2 3 4 5 |  5.7
Spellcasting   | 4 5 6 |  6.1
Shields        | 1 2 |  2.9
Invocations    | 1 2 3 |  3.6
Ice Magic      | 1 |  1.4

Action                     |  1- 3 |  4- 6 |  7- 9 || total
---------------------------+-------+-------+-------++-------
  Melee: Unarmed           |     3 |    18 |     3 ||    24
         Mace              |       |    11 |    48 ||    59
         Morningstar       |       |       |    10 ||    10
   Cast: Magic Dart        |    36 |   101 |    83 ||   220
         Searing Ray       |       |    14 |    36 ||    50
         Momentum Strike   |       |       |     8 ||     8
 Invoke: Channel Magic     |       |       |     2 ||     2
  Evoke: Wand              |       |       |     3 ||     3
    Use: Potion            |     4 |     2 |     3 ||     9
         Scroll            |     1 |     5 |     5 ||    11
 Armour: Robe              |     5 |    26 |   123 ||   154
         Skin              |    11 |     8 |     6 ||    25
  Dodge: Dodged            |     6 |    31 |    70 ||   107
  Block: Kite shield       |       |       |    69 ||    69

Table legend: (Time is in decaauts)
 A = Elapsed time spent in this place.
 B = Non-inter-level travel time spent in this place.
 C = Inter-level travel time spent in this place.
 D = Time resting spent in this place.
 E = Time spent auto-exploring this place.
 F = Levels seen in this place.
 G = Mean time per level.
                   A        B        C        D        E       F      G
               +--------+--------+--------+--------+--------+-----+--------+
         Total |   7837 |   7587 |    250 |    680 |   5643 |   8 |  979.6 |
       Dungeon |   7837 |   7587 |    250 |    680 |   5643 |   8 |  979.6 |
               +--------+--------+--------+--------+--------+-----+--------+

Top non-repeatable levels by time:
     D:3: 1416 daAuts
     D:5: 1287 daAuts
     D:6: 1248 daAuts
     D:2: 1027 daAuts
     D:4: 823 daAuts
     D:7: 736 daAuts
     D:8: 678 daAuts
     D:1: 619 daAuts
